 Dungeon Crawl Stone Soup version 0.20.0-10-g0535bb4 (webtiles) character file.

76 Minion the Magician (level 4, -2/27 HPs)
             Began as an Octopode Wizard on June 5, 2017.
             Killed from afar by an orc wizard (8 damage)
             ... with a puff of flame
             ... on level 4 of the Dungeon.
             The game lasted 00:07:15 (3620 turns).

Minion the Magician (Octopode Wizard)               Turns: 3620, Time: 00:07:16

Health: -2/27      AC:  1    Str:  6    XL:     4   Next: 32%
Magic:  1/9        EV: 13    Int: 21    God:
Gold:   174        SH:  0    Dex: 10    Spells: 2/10 levels left

rFire    . . .     SeeInvis .   i - +1 dagger
rCold    + . .     Gourm    .   (no shield)
rNeg     . . .     Faith    .   a - +0 hat
rPois    .         Spirit   .   e - amulet of magic regeneration
rElec    .         Reflect  .   s - ring of protection from cold
rCorr    .         Harm     .   (no ring)
MR       .....                  (no ring)
Stlth    +++.......             (no ring)
Regen    0.1/turn               (no ring)
MPRegen  0.2/turn               (no ring)
                                (no ring)
                                (no ring)

@: very slightly contaminated
A: almost no armour, stealthy swim, amphibious, 8 rings, constrict 8, camouflage
1, gelatinous body 1
a: no special abilities


You were on level 4 of the Dungeon.
You were hungry.

You visited 1 branch of the dungeon, and saw 4 of its levels.

You collected 174 gold pieces.

Inventory:

Hand Weapons
 i - a +1 dagger (weapon)
Armour
 a - a +0 hat (worn)
Jewellery
 e - an amulet of magic regeneration (around mantle)
 k - an uncursed amulet of rage {unknown}
 s - a ring of protection from cold (left tentacle)
Wands
 u - a wand of flame (41/48)
Scrolls
 n - 2 scrolls of blinking
 t - a scroll of teleportation {unknown}
 v - a scroll of immolation {unknown}
 x - a scroll of identify
 y - a scroll of fog {unknown}
 A - a scroll of fear {unknown}
 B - a scroll of recharging {unknown}
 C - a scroll of remove curse {unknown}
Potions
 g - 4 potions of brilliance
 h - a potion of resistance
 j - 2 potions of haste {unknown}
 o - a potion of agility {unknown}
 p - 2 potions of mutation {unknown}
 q - 2 potions of curing {unknown}
 r - 2 potions of invisibility {unknown}
 w - 3 potions of might {unknown}
Books
 b - a book of Minor Magic

   Spells                             Type                      Level
   a - Magic Dart                     Conjuration                  1
   b - Blink                          Translocation                2
   c - Call Imp                       Summoning                    2
   d - Slow                           Hexes                        2
   e - Conjure Flame                  Conjuration/Fire             3
   f - Mephitic Cloud                 Conjuration/Poison/Air       3
 z - a book of Misfortune

   Spells                             Type                      Level
   a - Confusing Touch                Hexes                        1
   b - Confuse                        Hexes                        3
   c - Gell's Gravitas                Translocation                3
   d - Petrify                        Transmutation/Earth          4
   e - Metabolic Englaciation         Hexes/Ice                    5
   f - Yara's Violent Unravelling     Hexes/Transmutation          5
Comestibles
 c - 2 bread rations
 d - 6 fruits
 f - 2 royal jellies
 l - a chunk of flesh
 m - 2 meat rations


   Skills:
 - Level 0.2 Fighting
 - Level 2.0 Dodging
 - Level 2.6 Stealth
 + Level 3.8 Spellcasting
 + Level 2.2 Conjurations
 + Level 2.0 Summonings
 - Level 1.0 Translocations


You had 2 spell levels left.
You knew the following spells:

 Your Spells              Type           Power        Failure   Level  Hunger
a - Magic Dart            Conj           ##..         4%          1    None
b - Blink                 Tloc           N/A          12%         2    #......
c - Call Imp              Summ           ##......     8%          2    #......
d - Mephitic Cloud        Conj/Pois/Air  #.......     26%         3    ###....


Dungeon Overview and Level Annotations

Branches:
Dungeon (4/15)
 Temple: D:4-7

Altars:
Ashenzari
Cheibriados
Fedhas
The Shining One


Innate Abilities, Weirdness & Mutations

You cannot wear most types of armour.
You are very stealthy in the water. (Stealth+)
You are amphibious.
You can wear up to eight rings at the same time.
You can use your tentacles to constrict eight enemies at once.
Your skin changes colour to match your surroundings (Stealth+).
Your rubbery body absorbs attacks. (AC +1, EV +1)


Message History

A beastly little devil appears in a puff of flame.
Something closely misses your crimson imp.
Something hits your crimson imp but does no damage.
Your crimson imp closely misses something.
Something hits your crimson imp.
Your crimson imp barely misses something.
Something hits your crimson imp. Something hits your crimson imp.
Something hits your crimson imp.
Your crimson imp blinks!
Casting: Call Imp
Confirm with . or Enter, or press ? or * to list all spells.
Aiming: Magic Dart
Press: ? - help, Shift-Dir - straight line, f - orc
Aim: an orc, wielding a hand axe and wearing a ring mail The magic dart hits something.
You hear some strange, mumbled words.
A puff of flame appears from out of thin air!
The puff of flame hits you!
You die...

#.###..o#####...
##o## #..# #.#
#..# ###o#
#..##### ##.#.#
#......#
#.oo.######..###.#
##{##........# #.#
#.##..####.## #.#
#@###'####.# #.#
###.....#### #.#
##.........## #.##
#..⌠.....⌠..# #...
#.....⌠.....# ####
##._.###._.##
##### ##### #. #.#
#. #.#


You could see 2 orcs.

Vanquished Creatures
  An adder (D:2)
  A dart slug (D:1)
  2 worms
  2 leopard geckos (D:2)
  3 orcs
  12 bats
  A giant cockroach (D:2)
  8 goblins
  7 hobgoblins
  A frilled lizard (D:1)
  5 kobolds
  7 rats
50 creatures vanquished.

Vanquished Creatures (collateral kills)
  A worm (D:2)
  2 jackals (D:1)
3 creatures vanquished.

Vanquished Creatures (others)
  5 toadstools (D:1)
5 creatures vanquished.

Grand Total: 58 creatures vanquished

Notes
Turn   | Place    | Note
-------+----------+-------------------------------------------
     0 | D:1      | Minion the Octopode Wizard began the quest for the Orb.
     0 | D:1      | Reached XP level 1. HP: 11/11 MP: 4/4
   279 | D:1      | Reached XP level 2. HP: 17/17 MP: 6/6
   712 | D:1      | Learned a level 2 spell: Blink
   715 | D:1      | Learned a level 2 spell: Call Imp
  1220 | D:2      | Found a glowing golden altar of the Shining One.
  1377 | D:2      | Found a snail-covered altar of Cheibriados.
  1385 | D:2      | Reached XP level 3. HP: 19/21 MP: 5/8
  2043 | D:2      | Learned a level 3 spell: Mephitic Cloud
  2403 | D:2      | Reached XP level 4. HP: 27/27 MP: 9/9
  3570 | D:4      | Found a blossoming altar of Fedhas.
  3570 | D:4      | Found a shattered altar of Ashenzari.
  3620 | D:4      | Killed from afar by an orc wizard

Skill      XL: |  1  2  3  4 |
---------------+-------------+-----
Summonings     | 2 |  2.0
Conjurations   | 2 |  2.2
Fighting       | |  0.2
Dodging        | |  2.0
Stealth        | |  2.6
Spellcasting   | |  3.8
Translocations | |  1.0

Action                   |  1- 3 |  4- 6 || total
-------------------------+-------+-------++-------
Melee: Dagger            |    78 |    23 ||   101
       Unarmed           |     1 |       ||     1
       Constrict         |    19 |     6 ||    25
       Tentacles         |     7 |     3 ||    10
 Cast: Magic Dart        |    33 |     9 ||    42
       Call Imp          |     5 |     5 ||    10
  Use: Scroll            |     5 |       ||     5
 Stab: Sleeping          |    10 |     4 ||    14
       Distracted        |       |     1 ||     1
  Eat: Chunk             |     5 |     3 ||     8
Armor: Skin              |    25 |       ||    25
Dodge: Dodged            |    79 |     9 ||    88
